 Dungeon Crawl Stone Soup version 0.20.0-10-g0535bb4 (webtiles) character file.

880 straycat the Covert (level 7, -2/54 HPs)
             Began as a Vampire Fighter on June 4, 2017.
             Was an Initiate of Yredelemnul.
             Splashed by a jelly's acid (7 damage)
             ... on level 5 of the Dungeon.
             The game lasted 00:20:51 (4345 turns).

straycat the Covert (Vampire Fighter)               Turns: 4345, Time: 00:20:52

Health: -2/54      AC:  6    Str: 17    XL:     7   Next: 75%
Magic:  7/7        EV: 12    Int: 11    God:    Yredelemnul [......]
Gold:   194        SH:  0    Dex: 14    Spells: 6/6 levels left

rFire    . . .     SeeInvis +   l - +6 short sword of Recklessness {pain, Int+3}
rCold    . . .     Gourm    .   (no shield)
rNeg     + . .     Faith    .   b - +0 scale mail
rPois    .         Spirit   .   (no helmet)
rElec    .         Reflect  .   (no cloak)
rCorr    .         Harm     .   (no gloves)
MR       +....                  (no boots)
Stlth    +++.......             (no amulet)
Regen    0.2/turn               i - -2 ring of intelligence (curse)
MPRegen  0.1/turn               p - ring of protection from magic

@: lethally poisoned (-2 -> -2)
A: fangs 3, see invisible, unbreathing
a: Bat Form, Renounce Religion


You were on level 5 of the Dungeon.
You worshipped Yredelemnul.
Yredelemnul was noncommittal.
You were not thirsty.

You visited 2 branches of the dungeon, and saw 6 of its levels.

You collected 194 gold pieces.

Inventory:

Hand Weapons
 a - a +0 rapier
 d - a +0 shortbow
 l - the +6 short sword of Recklessness (weapon) {pain, Int+3}
   (You found it on level 4 of the Dungeon)

   In the hands of one skilled in necromantic magic, it inflicts extra damage on
   living creatures.
   It affects your intelligence (+3).
 o - a +2 dagger of draining
 u - a +3 vampiric dagger
 v - a +1 whip of venom
 y - a +0 halberd
 D - a +0 blowgun
Missiles
 f - 113 arrows
 g - 70 stones (quivered)
 E - 4 tomahawks
Armour
 b - a +0 scale mail (worn)
 c - a +0 shield
Jewellery
 i - a cursed -2 ring of intelligence (left hand)
 p - a ring of protection from magic (right hand)
 t - an uncursed ring of poison resistance
Wands
 C - a wand of flame (19/48)
Scrolls
 h - 3 scrolls of teleportation
 m - a scroll of recharging
 n - 2 scrolls of remove curse
 r - 2 scrolls of fear {unknown}
 w - 2 scrolls of blinking {unknown}
 A - a scroll of random uselessness {unknown}
Potions
 e - 12 potions of blood
 j - a potion of agility
 k - 2 potions of curing {unknown}
 q - 2 potions of cancellation
 x - a potion of heal wounds
 z - a potion of mutation {unknown}
 B - a potion of flight {unknown}
Books
 s - a book of Flames

   Spells                             Type                      Level
   a - Flame Tongue                   Conjuration/Fire             1
   b - Throw Flame                    Conjuration/Fire             2
   c - Conjure Flame                  Conjuration/Fire             3
   d - Inner Flame                    Hexes/Fire                   3
   e - Sticky Flame                   Conjuration/Fire             4
   f - Fireball                       Conjuration/Fire             5


   Skills:
 + Level 4.3 Fighting
 - Level 2.1 Short Blades
 - Level 2.4 Armour
 * Level 6.0 Dodging
 * Level 8.7 Stealth
 - Level 2.6 Shields


You had 6 spell levels left.
You didn't know any spells.

Dungeon Overview and Level Annotations

Branches:
Dungeon (5/15)             Temple (1/1) D:4

Altars:
Cheibriados
Elyvilon
Fedhas
Uskayaw
Xom
Yredelemnul
Zin
The Shining One


Innate Abilities, Weirdness & Mutations

You have razor-sharp teeth.
You have supernaturally acute eyesight. (SInv)
You can survive without breathing.


Message History

The sky beast is heavily wounded.
You hit the sky beast but do no damage.
The sky beast is heavily wounded.
You feel sick.
The sky beast flickers out of sight for a moment.
The sky beast hits you but does no damage.
The jelly hits you.
You are splashed with acid!
The acid burns!
* * * LOW HITPOINT WARNING * * *
You hit the sky beast.
The sky beast is severely wounded.
The sky beast barely misses you. The jelly hits you.
* * * LOW HITPOINT WARNING * * *
You are splashed with acid!
The acid burns!
* * * LOW HITPOINT WARNING * * *
Unknown command.
The jelly hits you.
* * * LOW HITPOINT WARNING * * *
You are splashed with acid!
The acid burns!
You die...
Yredelemnul claims you as an undead slave.

#. #.# ##.# ##.# #.#
#.# # ... # #.####.#
#.#.. .# #.##...#
#!#..###. #####.#...##
#....... ...........>.
#....#..# ##..#...#.
## #.J...$# #........
#.# ##@Y##.# #..##.##.
#.###..## .# #..##.##.
#.#.#.###.####..##.#..
#...#.#............#..
#...#.#..#####..####..
#........# #<## ##.
###......# #.# #.
#.#.##.#####†# #.
#.#..........# #÷


You could see a sky beast (invisible) and a jelly.

Vanquished Creatures
  An ogre (D:4)
  A centaur (D:5)
  A scorpion (D:3)
  2 hounds (D:5)
  2 orc priests
  7 orc wizards
  Natasha (twice) (D:2)
  5 worker ants
  7 gnolls
  6 adders
  2 oozes (D:2)
  3 worms
  A dart slug (D:1)
  2 leopard geckos (D:4)
  4 orcs
  A giant cockroach (D:2)
  4 goblins
  9 hobgoblins
  A quokka (D:4)
  3 ball pythons (D:3)
  5 bats
  4 frilled lizards
  5 kobolds
  5 rats
83 creatures vanquished.

Notes
Turn   | Place    | Note
-------+----------+-------------------------------------------
     0 | D:1      | straycat the Vampire Fighter began the quest for the Orb.
     0 | D:1      | Reached XP level 1. HP: 17/17 MP: 1/1
   263 | D:1      | Reached skill level 1 in Stealth
   283 | D:1      | Reached skill level 1 in Dodging
   294 | D:1      | Reached XP level 2. HP: 13/23 MP: 2/2
   520 | D:2      | Noticed Natasha
   527 | D:2      | Killed Natasha
   527 | D:2      | Reached skill level 2 in Stealth
   527 | D:2      | Reached XP level 3. HP: 15/28 MP: 3/3
   531 | D:2      | Reached skill level 3 in Stealth
   619 | D:2      | Reached XP level 4. HP: 21/35 MP: 4/4
   774 | D:2      | Reached skill level 4 in Stealth
  1043 | D:2      | Noticed Natasha
  1050 | D:2      | Killed Natasha
  1225 | D:3      | Reached skill level 5 in Stealth
  1225 | D:3      | Reached XP level 5. HP: 12/41 MP: 5/5
  2503 | D:4      | Found a staircase to the Ecumenical Temple.
  2520 | Temple   | Entered the Ecumenical Temple
  2543 | Temple   | Became a worshipper of Yredelemnul the Dark
  2584 | D:4      | Noticed an ogre
  2594 | D:4      | Killed an ogre
  2594 | D:4      | Reached skill level 6 in Stealth
  2594 | D:4      | Reached XP level 6. HP: 23/47 MP: 6/6
  2850 | D:4      | Got a polished short sword
  2851 | D:4      | Identified the +6 short sword of Recklessness {pain, Int+3} (You found it on level 4 of the Dungeon)
  3471 | D:5      | Entered Level 5 of the Dungeon
  3521 | D:5      | Reached skill level 7 in Stealth
  3588 | D:5      | Reached XP level 7. HP: 33/53 MP: 7/7
  3806 | D:5      | Reached skill level 5 in Dodging
  3822 | D:5      | Reached skill level 8 in Stealth
  4345 | D:5      | Splashed by a jelly's acid

Skill      XL: |  1  2  3  4  5  6  7 |
---------------+----------------------+-----
Stealth        | 1 2 3 5 6 7 8 |  8.7
Dodging        | 1 2 3 4 6 |  6.0
Fighting       | 3 4 |  4.3
Short Blades   | |  2.1
Armour         | |  2.4
Shields        | |  2.6

Action                   |  1- 3 |  4- 6 |  7- 9 || total
-------------------------+-------+-------+-------++-------
Melee: Rapier            |    51 |   123 |       ||   174
       Bite              |     6 |    26 |     9 ||    41
       Dagger            |       |    98 |    30 ||   128
       Short sword       |       |       |    43 ||    43
 Abil: End Transformatio |       |       |     1 ||     1
       Bat Form          |       |       |     1 ||     1
  Use: Potion            |       |     3 |     5 ||     8
       Scroll            |       |    11 |       ||    11
 Stab: Sleeping          |       |     3 |       ||     3
       Distracted        |       |     1 |       ||     1
  Eat: Corpse            |     1 |     3 |       ||     4
Armor: Scale mail        |    22 |    56 |    33 ||   111
Dodge: Dodged            |    22 |   119 |    50 ||   191
